Map: Acropolis LE

Players

pHARM

  • Race: Zerg Zerg
  • League: Platinum
  • Spawn Location: 11:00

ReVerSeZerG - Winner!

  • Race: Zerg Zerg
  • League: Platinum
  • Spawn Location: 5:00

VOD

Have the link to the VOD?

Description

Time

  • Played on: Aug. 6, 2019, 8:35 p.m.
  • Length: 4:42
Show
View Real Time Build Order
Export as new Build Order

pHARM Zerg 

Build Orders: Hatch First 

Get SALT Encoding   

  12  0:03  Drone  
  13  0:16  Overlord  
  13  0:18  Drone  
  14  0:34  Drone x2  
  16  0:49  Drone  
  17  1:02  Hatchery  
  16  1:08  Drone  
  16  1:09  Drone  
  18  1:22  Spawning Pool  
  18  1:24  Drone x2  
  19  1:32  Drone  
  20  1:49  Extractor  
  20  1:50  Drone  
  20  2:02  Drone  
  20  2:06  Drone  
  22  2:13  Queen  
  22  2:15  Queen  
  26  2:23  Drone x2  
  28  2:35  Overlord  
  28  2:53  Queen  
  28  2:54  Drone x5  
  35  3:09  Evolution Chamber  
  35  3:11  Drone x2  
  36  3:12  Roach Warren  
  36  3:16  Overlord  
  36  3:18  Drone  
  36  3:19  Evolution Chamber  
  36  3:20  Drone  
  36  3:31  Overlord  
  36  3:37  Drone x6  
  42  3:54  Roach x2  
  44  4:05  Evolution Chamber  
  44  4:07  Spine Crawler  
  42  4:11  Spine Crawler  
  42  4:17  Roach x4  
  47  4:22  Roach  
Show
View Real Time Build Order
Export as new Build Order

ReVerSeZerG Zerg - Winner!

Build Orders: Hatch First 

Get SALT Encoding   

  12  0:01  Drone  
  13  0:12  Overlord  
  13  0:16  Drone  
  14  0:31  Drone x2  
  16  0:51  Hatchery  
  16  0:53  Drone  
  16  0:56  Drone  
  17  1:00  Drone  
  17  1:03  Extractor  
  17  1:16  Spawning Pool  
  16  1:19  Drone  
  16  1:22  Drone  
  18  1:29  Drone  
  19  1:39  Drone  
  20  1:50  Overlord  
  20  2:03  Queen x2  
  20  2:05  Zergling x4  
  26  2:11  Metabolic Boost  
  26  2:22  Drone x2  
  28  2:29  Zergling x4  
  30  2:38  Evolution Chamber  
  30  2:41  Zergling x4  
  31  2:49  Zergling x4  
  33  2:56  Zergling x2  
  34  3:03  Zergling x2  
  35  3:09  Overlord  
  35  3:10  Zergling x2  
  36  3:17  Overlord  
  36  3:28  Zergling x2  
  36  3:29  Zergling x10  
  42  3:41  Zergling x4  
  43  3:46  Zergling x8  
  43  3:47  Zergling x2  
  49  3:53  Zergling x4  
  49  3:59  Zergling x2  
  50  4:04  Zergling x2  
  50  4:06  Zergling x2  
  51  4:15  Zergling x2  
  51  4:19  Overlord  
  51  4:21  Zergling x2  
Tags
 
Matchup
ZvZ
Race
Zerg
Replay Pack
10.7.19
Spawn Locations
Cross Positions
Add a new tag
Caveats
  • Supply blocks, unpowered buildings, or Contaminate may cause inaccurate times.
  • Supply counts are checked every 10 seconds.